 Dungeon Crawl Stone Soup version 0.31-a0-229-g1fc7ce93e2 (webtiles) character file.

Game seed: 17354386950952070199

6927 7w4c the Cleaver (level 10, -10/80 HPs)
             Began as a Demonspawn Berserker on July 6, 2023.
             Was an Elder of Trog.
             Mangled by a death yak (17 damage)
             ... on level 9 of the Dungeon.
             The game lasted 00:23:16 (10156 turns).

7w4c the Cleaver (Demonspawn Berserker)            Turns: 10156, Time: 00:23:19

Health: -10/80     AC: 23    Str: 22    XL:     10   Next: 80%
Magic:  10/10      EV:  8    Int:  8    God:    Trog [****..]
Gold:   439        SH:  0    Dex: 13    Spells: 9/9 levels left

rFire   . . .        a - +0 hand axe
rCold   . . .        (no shield)
rNeg    . . .        o - +0 plate armour
rPois   .            (helmet restricted)
rElec   .            b - +2 cloak
rCorr   .            (no gloves)
SInv    .            k - +2 pair of boots
Will    .....        (no amulet) Stlth
                     (no ring)
HPRegen 0.33/turn    (no ring)
MPRegen 0.12/turn

%: no passive effects
@: on berserk cooldown, slowed, very slow
A: horns 1, slimy green scales 2, foul stench 3
a: Renounce Religion, Berserk, Trog's Hand, Brothers in Arms


You were on level 9 of the Dungeon.
You worshipped Trog.
Trog was greatly pleased with you.
You visited 1 branch of the dungeon, and saw 9 of its levels.
You also visited: Ossuary.

You collected 439 gold pieces.

Inventory:

Hand Weapons
 a - a +0 hand axe (weapon)
Missiles
 c - 6 javelins
Armour
 b - a +2 cloak (worn)
 k - a +2 pair of boots (worn)
 o - a +0 plate armour (worn)
Wands
 n - a wand of mindburst (22) (quivered)
 s - a wand of digging (8)
 v - a wand of flame (21)
 w - a wand of iceblast (28)
Scrolls
 f - a scroll of silence
 h - 2 scrolls of blinking
 m - 6 scrolls of teleportation
 r - a scroll of amnesia {unknown}
 t - a scroll of poison {unknown}
 y - a scroll of immolation {unknown}
Potions
 d - 2 potions of heal wounds {unknown}
 e - 2 potions of haste
 g - 5 potions of curing
 i - a potion of lignification {unknown}
 j - a potion of experience {unknown}
 l - a potion of enlightenment {unknown}
 p - a potion of magic {unknown}
 q - 4 potions of brilliance {unknown}
 u - a potion of cancellation {unknown}
 x - 2 potions of might {unknown}
 z - a potion of invisibility {unknown}
 A - a potion of resistance {unknown}


   Skills:
 + Level 8.2 Fighting
 + Level 10.5 Axes
 + Level 8.2 Armour
 + Level 4.2 Dodging
 + Level 1.3 Stealth
 + Level 0.2 Evocations


You had 9 spell levels left.
You didn't know any spells.
Your spell library was empty.

Dungeon Overview and Level Annotations

Branches:
Dungeon (9/15)             Temple (0/1) D:6         Ossuary (visited)
   Lair: D:8-11         Orc: D:9-12

Altars:
Fedhas
Gozag
Sif Muna
Trog
Wu Jian

Shops:
D:3 =


Innate Abilities, Weirdness & Mutations

You have a pair of small horns on your head.
You are mostly covered in slimy green scales. (AC +3)
You frequently emit foul miasma when damaged in melee.


Message History

The death yak is engulfed in dark miasma.
The death yak is poisoned.
The death yak barely misses you.
You barely miss the water moccasin.
The water moccasin is heavily wounded.
You barely miss the death yak.
The water moccasin bites you but does no damage.
The death yak is engulfed in dark miasma.
The death yak looks even sicker.
The death yak gores you!
You slash the water moccasin! You headbutt the water moccasin.
You kill the water moccasin!
Trog accepts your kill.
You hit the death yak but do no damage. You slash the death yak!
You are no longer corroded.
The death yak gores you but does no damage.
The death yak is engulfed in dark miasma.
The death yak looks even sicker.
The death yak gores you but does no damage.
You see here a water moccasin corpse.
You hit the death yak but do no damage.
You headbutt the death yak, but do no damage.
The death yak is heavily wounded.
You barely miss the death yak. You hit the death yak. You hit the hell rat.
The hell rat bites you but does no damage.
You hit the death yak. You headbutt the death yak!
The death yak is severely wounded.
You hit the death yak but do no damage. You slash the hell rat!
You barely miss the death yak. The death yak gores you!!
The death yak is engulfed in dark miasma.
The death yak looks as sick as possible!
The death yak gores you!
* * * LOW HITPOINT WARNING * * *
The death yak gores you but does no damage.
The hell rat bites you but does no damage.
You feel a strong urge to attack something.
You are no longer berserk.
You are exhausted.
You feel yourself slow down. The death yak gores you!
* * * LOW HITPOINT WARNING * * *
The death yak gores you!
You die...

........# #.#
...###### #.# ..
##)# . #))#####
#.)....# #..>...#
#......#
###+##.....Y#####..
.........[@rY......
.$........rY.......
...................
###+#####..........
#..........
#........#.
########.# .#


You could see 3 death yaks, a hell rat and a river rat.

Vanquished Creatures
  Erica (D:8)
  A boulder beetle (D:7)
  Pikel (D:8)
  Psyche (D:8)
  Maggie (D:7)
  A hornet (D:8)
  A wraith (D:8)
  A vampire (D:8)
  2 wyverns (D:7)
  Grum (D:8)
  A steam dragon (D:8)
  Edmund (D:4)
  An acid dragon (D:9)
  2 water moccasins
  3 ice beasts
  3 black bears
  2 ogres
  2 sky beasts
  4 wolves (D:8)
  A centaur (D:8)
  3 lemures (D:8)
  6 bullfrogs
  A gnoll sergeant (D:9)
  3 scorpions
  7 killer bees
  3 centaur zombies (Ossuary)
  A howler monkey (D:7)
  4 hounds (D:5)
  3 orc priests
  3 sleepcaps
  3 jellies
  Crazy Yiuf (D:3)
  3 iguanas
  A hell rat (D:9)
  5 mummies (Ossuary)
  5 gnolls
  21 adders
  A river rat (D:9)
  A shadow imp (D:7)
  2 white imps
  A worm (D:2)
  5 dart slugs
  16 orcs
  9 endoplasms
  3 giant cockroaches
  5 hobgoblins
  3 jackals (D:3)
  8 kobolds
  7 quokkas
  10 ball pythons
  7 bats
  3 frilled lizards
  5 goblins
  3 hobgoblin zombies (Ossuary)
  A quokka zombie (D:8)
  9 rats
  A rat zombie (D:8)
  A spectral kobold (D:2)
205 creatures vanquished.

Notes
Turn   | Place    | Note
-------+----------+-------------------------------------------
     0 | D:1      | 7w4c the Demonspawn Berserker began the quest for the Orb.
     0 | D:1      | Reached XP level 1. HP: 18/18 MP: 1/1
   227 | D:1      | Gained mutation: You have a pair of small horns on your
                  | head. [demonic ancestry]
   227 | D:1      | Reached XP level 2. HP: 18/24 MP: 2/2
   244 | D:1      | Reached skill level 3 in Axes
   769 | D:2      | Reached ** piety under Trog
   776 | D:2      | Gained mutation: You may rarely emit foul miasma when
                  | damaged in melee. [demonic ancestry]
   776 | D:2      | Reached XP level 3. HP: 6/29 MP: 3/3
  1165 | D:2      | Found a faded altar of an unknown god.
  1506 | D:2      | Gained mutation: You are partially covered in slimy green
                  | scales. (AC +2) [demonic ancestry]
  1506 | D:2      | Reached XP level 4. HP: 30/35 MP: 4/4
  1769 | D:2      | Gained mutation: You sometimes emit foul miasma when
                  | damaged in melee. [demonic ancestry]
  1769 | D:2      | Reached XP level 5. HP: 42/42 MP: 5/5
  2648 | D:3      | Found an opulent altar of Gozag.
  2745 | D:3      | Reached skill level 4 in Axes
  3104 | D:3      | Found Gokawoh's Jewellery Shoppe.
  3132 | D:3      | Found a shimmering blue altar of Sif Muna.
  3201 | D:3      | Found a bloodstained altar of Trog.
  3227 | D:3      | Reached *** piety under Trog
  3381 | D:3      | Reached XP level 6. HP: 33/48 MP: 6/6
  3451 | D:3      | Found a runed translucent door.
  3452 | D:3      | Noticed Crazy Yiuf
  3629 | D:3      | Killed Crazy Yiuf
  3810 | D:4      | Reached skill level 5 in Axes
  3999 | D:4      | Reached XP level 7. HP: 37/55 MP: 7/7
  4209 | D:4      | Reached skill level 1 in Stealth
  4252 | D:4      | Found a blossoming altar of Fedhas.
  4640 | D:4      | Noticed Edmund
  4657 | D:4      | Killed Edmund
  4884 | D:5      | Entered Level 5 of the Dungeon
  5126 | D:5      | Reached skill level 6 in Axes
  5789 | D:6      | Reached skill level 5 in Fighting
  5789 | D:6      | Gained mutation: You frequently emit foul miasma when
                  | damaged in melee. [demonic ancestry]
  5789 | D:6      | Reached XP level 8. HP: 51/62 MP: 8/8
  6318 | D:6      | Found a staircase to the Ecumenical Temple.
  6479 | D:6      | Reached skill level 7 in Axes
  6941 | D:7      | Reached skill level 5 in Armour
  7043 | D:7      | Reached XP level 9. HP: 32/69 MP: 9/9
  7474 | D:7      | Noticed a boulder beetle
  7480 | D:7      | Reached skill level 8 in Axes
  7489 | D:7      | Killed a boulder beetle
  7668 | D:7      | Noticed Maggie
  7677 | D:7      | Killed Maggie
  7678 | D:7      | Reached skill level 9 in Axes
  7684 | D:7      | Reached **** piety under Trog
  8083 | D:8      | Gained mutation: You are mostly covered in slimy green
                  | scales. (AC +3) [demonic ancestry]
  8083 | D:8      | Reached XP level 10. HP: 50/79 MP: 10/10
  8243 | D:8      | Found a sand-covered staircase.
  8251 | Ossuary  | Entered an ossuary
  8443 | D:8      | Noticed Pikel
  8461 | D:8      | Killed Pikel
  8483 | D:8      | Noticed Grum
  8494 | D:8      | Killed Grum
  8794 | D:8      | Noticed Erica
  8810 | D:8      | Killed Erica
  8811 | D:8      | Reached skill level 10 in Axes
  8970 | D:8      | Found an ornate altar of the Wu Jian Council.
  9207 | D:8      | Noticed Psyche
  9214 | D:8      | Killed Psyche
 10138 | D:9      | Noticed a death yak
 10139 | D:9      | Noticed a death yak
 10143 | D:9      | Noticed a death yak
 10156 | D:9      | Mangled by a death yak

Illustrated notes

Levels and vault maps discovered:
D:1:      dpeg_arrival_tiny_a, layout_loops_ring, nicolae_titane
D:2:      minmay_recursive_quarters, layout_loops_corners,
          dreamdust_ecumenical_altar_drowned_temple, minmay_snake_closets
D:3:      minmay_chambers_of_twos, layout_basic,
          mainiacjoe_overflow_concentric_impassable,
          nzn_overflow_gifts_of_might_and_magic, serial_shops, shop,
          saegor_snake_ambush, uniq_crazy_yiuf_cottage
D:4:      layout_loops_ring, fedhas_altar_3, mainiacjoe_overflow_catwalk,
          minmay_misc_feat_doors, uniq_edmund
D:5:      layout_basic
D:6:      layout_loops_ring, minmay_temple_entry_glass
D:7:      cheibrodos_barr_body, layout_layer_cave, uniq_maggie
D:8:      layout_gridville, nicolae_wu_jian_glorious_leap, enter_ossuary_4,
          nicolae_sextant, skrybe_limestone_x, uniq_grum, uniq_psyche,
          uniq_erica, uniq_pikel
D:9:      layout_irregular_city, mainiacjoe_overflow_six_doors_small,
          dpeg_lair_monsters, serial_shops, nicolae_diamond_shop,
          kennysheep_generic_room_13

Skill      XL: |  1  2  3  4  5  6  7  8  9 10 |
---------------+-------------------------------+-----
Axes           | 3 4 5 6 7 9 10 | 10.5
Dodging        | 2 3 4 |  4.2
Armour         | 2 3 5 6 8 |  8.2
Fighting       | 4 5 6 7 8 |  8.2
Stealth        | 1 |  1.3
Evocations     | |  0.2

Action                     |  1- 3 |  4- 6 |  7- 9 | 10-12 || total
---------------------------+-------+-------+-------+-------++-------
  Melee: Hand axe          |   114 |   177 |   279 |   164 ||   734
         Headbutt          |    14 |    35 |    56 |    41 ||   146
         Punch             |       |     1 |     3 |       ||     4
 Invoke: Berserk           |       |     1 |     6 |     3 ||    10
         Trog's Hand       |       |       |       |     1 ||     1
  Evoke: Wand              |       |       |     2 |     1 ||     3
    Use: Scroll            |       |     6 |     2 |     2 ||    10
         Potion            |       |       |       |     1 ||     1
 Armour: Leather armour    |    61 |    72 |    11 |       ||   144
         Plate armour      |       |       |   172 |   189 ||   361
         Chain mail        |       |       |     9 |       ||     9
  Dodge: Dodged            |   118 |   125 |    94 |    98 ||   435

Table legend: (Time is in decaauts)
 A = Elapsed time spent in this place.
 B = Non-inter-level travel time spent in this place.
 C = Inter-level travel time spent in this place.
 D = Time resting spent in this place.
 E = Time spent auto-exploring this place.
 F = Levels seen in this place.
 G = Mean time per level.
                   A        B        C        D        E       F      G
               +--------+--------+--------+--------+--------+-----+--------+
         Total |  10248 |   9935 |    313 |      0 |   7942 |  10 | 1024.8 |
       Dungeon |  10088 |   9775 |    313 |      0 |   7866 |   9 | 1120.9 |
       Ossuary |    160 |    160 |      0 |      0 |     76 |   1 |  160.0 |
               +--------+--------+--------+--------+--------+-----+--------+

Top non-repeatable levels by time:
     D:8: 1839 daAuts
     D:2: 1670 daAuts
     D:7: 1559 daAuts
     D:3: 1370 daAuts
     D:4: 1165 daAuts
     D:5: 849 daAuts
     D:6: 783 daAuts
     D:1: 758 daAuts
 Ossuary: 160 daAuts
     D:9: 91 daAuts
